 Dungeon Crawl Stone Soup version 0.27-a0-1193-g8631133539 (webtiles) character file.

Game seed: 4824172607125640421

80760 robertstho the Slicer (level 15, -3/135 HPs)
             Began as a Pale Draconian Berserker on May 25, 2021.
             Was a High Priest of Trog.
             Killed from afar by a fire dragon (glowing shapeshifter) (67 damage)
             ... with a blast of flame
             ... on level 11 of the Dungeon.
             The game lasted 00:45:22 (24325 turns).

robertstho the Slicer (Pale Draconian Berserker)   Turns: 24325, Time: 00:45:23

Health: -3/135     AC:  7    Str: 31    XL:     15   Next: 24%
Magic:  15/15      EV: 21    Int: 10    God:    Trog [*****.]
Gold:   1327       SH: 32    Dex: 24    Spells: 14/14 levels left

rFire    x . .     SeeInvis +   x - +2 short sword "Transmigrator" {freeze, Contam rElec rN+++ Str-3}
rCold    + . .     Faith    .   L - +5 tower shield of Gozag's Regard {-Cast *Corrode Str+4 Dex+7}
rNeg     + + +     Spirit   .   (armour unavailable)
rPois    .         Reflect  +   J - +1 hat {SInv}
rElec    +         Harm     .   m - +0 cloak
rCorr    +         Rampage  .   n - +0 pair of gloves
Will     +....     NoCast   +   o - +2 pair of boots of the Falcon {rF- rC+ Str+5 Int+2}
Stlth    ++........             P - amulet of reflection
HPRegen  0.32/turn              f - ring of resist corrosion
MPRegen  0.14/turn              k - +6 ring of dexterity

@: corroded, on berserk cooldown, slowed, very slow
A: breathe steam, AC +9, unfitting armour, cold-blooded, steam resistance
a: Breathe Steam, Renounce Religion, Berserk, Trog's Hand, Brothers in Arms


You were on level 11 of the Dungeon.
You worshipped Trog.
Trog was extremely pleased with you.
You visited 3 branches of the dungeon, and saw 19 of its levels.
You also visited: Gauntlet and Ice Cave.

You collected 2802 gold pieces.
You spent 1475 gold pieces at shops.

Inventory:

Hand Weapons
 x - the +2 short sword "Transmigrator" (weapon) {freeze, Contam rElec rN+++ Str-3}
   (You found it on level 5 of the Dungeon)

   It has been specially enchanted to freeze those struck by it, causing extra
   injury to most foes and up to half again as much damage against particularly
   susceptible opponents.
   It can also slow down cold-blooded creatures.
   It affects your strength (-3).
   It insulates you from electricity.
   It renders you almost immune to negative energy.
   It causes magical contamination when unequipped.
 E - a +0 scimitar of protection
 X - the +11 flail of Theory {vorpal, +Rage rC- rCorr}
   (You found it on level 5 of the Lair of Beasts)

   It inflicts extra damage upon your enemies.
   It makes you vulnerable to cold.
   It lets you go berserk.
   It protects you from acid and corrosion.
Armour
 e - the +1 kite shield of Jyder {rCorr Slay+3}
   (You found it in a Gauntlet)

   It affects your accuracy and damage with ranged weapons and melee attacks
   (+3).
   It protects you from acid and corrosion.
 m - a +0 cloak (worn)
 n - a +0 pair of gloves (worn)
 o - the +2 pair of boots of the Falcon (worn) {rF- rC+ Str+5 Int+2}
   (You found it in a Gauntlet)

   It affects your strength (+5).
   It affects your intelligence (+2).
   It makes you vulnerable to fire.
   It protects you from cold.
 J - a +1 hat of see invisible (worn)
 L - the +5 tower shield of Gozag's Regard (worn) {-Cast *Corrode Str+4 Dex+7}
   (You bought it in a shop on level 9 of the Dungeon)

   It affects your strength (+4).
   It affects your dexterity (+7).
   It prevents spellcasting.
   It may corrode you when you take damage.
Jewellery
 f - a ring of resist corrosion (left hand)
 k - a +6 ring of dexterity (right hand)
 C - a ring of positive energy
 H - an amulet of the acrobat
 K - a ring of ice
 O - a ring of protection from fire
 P - an amulet of reflection (around neck)
 Q - a ring of flight
 S - the ring "Xyig" {Dex+4 SInv}
   (You found it on level 4 of the Lair of Beasts)

   [ring of see invisible]

   It affects your dexterity (+4).
   It lets you see invisible.
 V - a ring of fire
Wands
 v - a wand of iceblast (34)
 y - a wand of digging (7)
 U - a wand of mindburst (11)
Scrolls
 b - 3 scrolls of enchant weapon
 d - 4 scrolls of holy word
 h - 4 scrolls of enchant armour
 s - 6 scrolls of teleportation
 t - 2 scrolls of blinking
 u - 5 scrolls of immolation
 w - 3 scrolls of fear
 z - a scroll of torment
 I - 3 scrolls of magic mapping
 M - 4 scrolls of fog
 W - 5 scrolls of brand weapon
 Y - 2 scrolls of silence
Potions
 c - a potion of mutation
 g - 4 potions of might {unknown}
 j - 3 potions of invisibility
 l - 7 potions of curing
 p - 7 potions of flight
 q - a potion of heal wounds
 B - a potion of haste
 N - a potion of cancellation
 T - 2 potions of attraction
 Z - a potion of lignification


   Skills:
 + Level 13.0 Fighting
 + Level 13.2(13.9) Short Blades
 + Level 7.8(11.5) Long Blades
 + Level 13.1 Dodging
 + Level 5.5 Stealth
 + Level 12.6 Shields


You had 14 spell levels left.
You didn't know any spells.
Your spell library was empty.

Dungeon Overview and Level Annotations

Branches:
Dungeon (11/15)            Temple (0/1) D:6            Lair (6/6) D:9
  Swamp (0/4) Lair:3       Spider (0/4) Lair:3        Slime (0/5) Lair:5
    Orc (2/2) D:9             Elf (0/3) Orc:2         IceCv (visited)
Gauntlet (visited)

Altars:
Cheibriados
Gozag
Makhleb
Okawaru
Qazlal
Sif Muna
Uskayaw
Vehumet
Wu Jian
Xom
Beogh

Shops:
D:8 :   D:9 [(   Orc:2 *?:[?


Innate Abilities, Weirdness & Mutations

You can breathe blasts of scalding, opaque steam.
Your pale cyan-grey scales are hard. (AC +9)
You cannot fit into any form of body armour.
You are cold-blooded and may be slowed by cold attacks.
You are immune to the effects of steam.


Message History

You block the anaconda's attack. x2
Your unstable footing causes you to fumble your attack.
You are engulfed in a cloud of scalding steam.
You barely miss the anaconda.
Your tail-slap misses the anaconda.
The anaconda is severely wounded.
You are engulfed in a cloud of scalding steam.
You block the anaconda's attack. x2
You hit the anaconda. You freeze the anaconda.
The anaconda is almost dead.
You block the anaconda's attack. x2
Your unstable footing causes you to fumble your attack.
The anaconda completely misses you. You block the anaconda's attack.
You closely miss the anaconda.
The anaconda is almost dead.
You block the anaconda's attack. x2
You miss the anaconda. You tail-slap the anaconda!
The anaconda is almost dead.
You are no longer berserk.
Trog's vigour flows through your veins.
You are exhausted.
You feel yourself slow down. You block the anaconda's attack. x2
Your unstable footing causes you to fumble your attack.
The anaconda grabs you. You block the anaconda's attack.
The anaconda constricts you. You block the anaconda's attack.
The anaconda constricts you.
Your unstable footing causes you to fumble your attack.
You block the anaconda's attack.
Your corrosive artefact corrodes you!
The anaconda constricts you. You block the anaconda's attack.
The anaconda constricts you.
Your unstable footing causes you to fumble your attack.
The fire dragon loses its grip on you.
The anaconda changes into a fire dragon!
Your unstable footing causes you to fumble your attack.
You block the fire dragon's attack. x3
You hit the fire dragon but do no damage.
You tail-slap the fire dragon, but do no damage.
The fire dragon is heavily wounded.
The fire dragon breathes flames at you. The blast of flame hits you!!!
The fire burns you terribly!
You die...

#. ♣.### #(# #.
♣.♣.#♣♣.♣♣ #.#
♣♣..#♣.≈.♣#
#.#♣♣...#.≈≈≈.#
#.#♣..♣.#♣.≈.♣#
#..#.#..♣♣.#♣♣.♣♣
#..#.#.♣♣♣.#♣.#.♣#
#
#..#..♣♣♣♣.#!≈≈≈$#
#
#..#.......#.@≈≈.#
#
#..#..♣♣♣♣.#D≈(≈(#
# #..#.#♣ .#♣.#.♣#
# #..#.# ♣♣.♣♣ #
#....# ≈ # #))).#
≈≈ ####.)#.# ≈.
....).#.# .♣♣
####..#.#


You could see a fire dragon shaped shifter (catching breath).

Vanquished Creatures
  Gastronok (Lair:2)
  A minotaur (Gauntlet)
  An ettin (Orc:2)
  An ice dragon (IceCv)
  6 hydras
  A fire dragon (Lair:6)
  Harold (D:7)
  Fannar (Lair:2)
  A boulder beetle (Lair:6)
  2 ogre magi (Orc:2)
  5 two-headed ogres
  Nergalle (Orc:1)
  A soul eater (Gauntlet)
  3 sixfirhies (Gauntlet)
  2 deep trolls (Orc:2)
  A wizard (Gauntlet)
  A lindwurm (Lair:6)
  4 oklob plants (Lair:6)
  A wolf spider (Lair:6)
  A manticore (D:11)
  5 cyclopes
  20 elephants
  4 torpor snails (Lair:6)
  A gargoyle (D:11)
  6 centaur zombies
  8 black mambas
  A guardian serpent (Lair:6)
  2 ice statues (IceCv)
  An unseen horror (D:11)
  21 cane toads
  5 rime drakes
  Psyche (D:8)
  8 komodo dragons
  4 tyrant leeches (Lair:6)
  3 polar bears
  Grinder (D:6)
  9 hornets (Lair:6)
  8 trolls
  A slime creature (D:10)
  17 blink frogs
  3 redbacks
  A wraith (D:10)
  9 wyverns
  4 basilisks
  37 yaks
  A steam dragon (D:8)
  4 swamp worms (Lair:3)
  4 wargs
  Menkaure (D:4)
  46 water moccasins
  Purgy (D:3)
  A black bear (D:7)
  16 orc warriors
  15 ice beasts
  A necrophage (D:5)
  23 ogres
  6 centaurs
  7 bullfrogs
  A gnoll sergeant (D:11)
  A wyvern zombie (D:8)
  2 scorpions
  A wyvern skeleton (D:6)
  6 killer bees (D:9)
  A water moccasin skeleton (D:4)
  4 wights (D:7)
  3 howler monkeys
  3 electric eels (Lair:3)
  A jelly (D:7)
  Crazy Yiuf (D:3)
  A bullfrog skeleton (D:6)
  A gnoll shaman (D:8)
  5 orc priests
  2 centaur skeletons (D:5)
  Terence (D:3)
  2 iguanas
  16 orc wizards
  A hound zombie (D:2)
  7 gnolls
  A howler monkey skeleton (D:6)
  21 adders
  3 shadow imps (Gauntlet)
  6 white imps
  An ufetubus (D:3)
  A dart slug (D:4)
  43 orcs
  3 ball pythons
  5 bats
  9 endoplasms
  4 giant cockroaches
  6 goblins
  4 hobgoblins
  4 jackals (D:1)
  3 kobolds (D:3)
  4 quokkas
  A ball python skeleton (D:2)
  2 ball python zombies (D:2)
  3 frilled lizards
  A jackal zombie (D:2)
  2 rats
529 creatures vanquished.

Vanquished Creatures (collateral kills)
  The ghost of Kustesche the Transmogrifier, a journeyman NaTm of Cheibriados (Lair:3)
  Nessos (Orc:2)
  The ghost of Jempith the Peltast, a journeyman MiFi of Trog (Lair:3)
  An ice dragon (IceCv)
  3 two-headed ogres (Orc:2)
  A torpor snail (Lair:6)
  A rime drake (Lair:4)
  A komodo dragon (Lair:4)
  2 trolls (Orc:2)
  A wyvern (Lair:6)
  2 water moccasins
  An ogre (Orc:2)
  An orc priest (Orc:2)
  2 orc wizards (Orc:2)
  2 orcs
21 creatures vanquished.

Vanquished Creatures (others)
  An orc priest (Orc:1)
  An adder (Lair:3)
  An orc (Orc:2)
  65 fungi
  78 plants
146 creatures vanquished.

Grand Total: 696 creatures vanquished

Notes
Turn   | Place    | Note
-------+----------+-------------------------------------------
     0 | D:1      | robertstho the Draconian Berserker began the quest for the
                  | Orb.
     0 | D:1      | Reached XP level 1. HP: 19/19 MP: 1/1
   345 | D:1      | Reached XP level 2. HP: 26/26 MP: 2/2
  1005 | D:2      | Reached XP level 3. HP: 33/33 MP: 3/3
  1005 | D:2      | Reached ** piety under Trog
  1132 | D:2      | You fall into a shaft and drop 1 floor!
  1516 | D:3      | Noticed Purgy
  1528 | D:3      | Killed Purgy
  1529 | D:3      | Reached XP level 4. HP: 40/40 MP: 4/4
  1529 | D:3      | Reached XP level 5. HP: 46/46 MP: 5/5
  1668 | D:3      | Noticed Terence
  1674 | D:3      | Killed Terence
  1785 | D:3      | Found a runed translucent door.
  1786 | D:3      | Noticed Crazy Yiuf
  1868 | D:3      | Killed Crazy Yiuf
  2089 | D:4      | Reached skill level 5 in Long Blades
  2175 | D:4      | Reached XP level 6. HP: 53/53 MP: 6/6
  2307 | D:4      | Noticed Menkaure
  2314 | D:4      | Killed Menkaure
  2315 | D:4      | Reached skill level 1 in Stealth
  2371 | D:5      | Entered Level 5 of the Dungeon
  2838 | D:5      | Noticed a water moccasin
  2847 | D:5      | Killed a water moccasin
  2848 | D:5      | Reached skill level 5 in Fighting
  2848 | D:5      | Your scales start taking on a pale cyan-grey colour.
  2848 | D:5      | Reached XP level 7. HP: 61/61 MP: 7/7
  2848 | D:5      | Gained mutation: You are immune to the effects of steam.
                  | [Pale Draconian growth]
  3018 | D:5      | Reached *** piety under Trog
  3023 | D:5      | Found an ornate altar of the Wu Jian Council.
  3368 | D:5      | Identified the +2 short sword "Transmigrator" {freeze,
                  | Contam rElec rN+++ Str-3}
  3386 | D:6      | Noticed Grinder
  3391 | D:6      | Killed Grinder
  3392 | D:6      | Reached skill level 5 in Dodging
  3392 | D:6      | Reached XP level 8. HP: 70/70 MP: 8/8
  3453 | D:6      | Found a staircase to the Ecumenical Temple.
  3560 | D:6      | Found a snail-covered altar of Cheibriados.
  3686 | D:6      | Found a shimmering blue altar of Sif Muna.
  3729 | D:6      | Reached skill level 1 in Short Blades
  4591 | D:7      | Reached XP level 9. HP: 75/78 MP: 9/9
  4699 | D:7      | Found a stormy altar of Qazlal.
  4699 | D:7      | Found a radiant altar of Vehumet.
  4700 | D:7      | Found a burning altar of Makhleb.
  4726 | D:7      | Noticed Harold
  4748 | D:7      | Killed Harold
  5044 | D:7      | Found a shimmering altar of Xom.
  5678 | D:4      | Reached **** piety under Trog
  6265 | D:8      | Found Mothiorr's Book Shoppe.
  6281 | D:8      | Noticed Psyche
  6294 | D:8      | Killed Psyche
  6295 | D:8      | Reached XP level 10. HP: 88/88 MP: 10/10
  6796 | D:8      | Found an opulent altar of Gozag.
  7508 | D:9      | Noticed a +0 dagger
  7509 | D:9      | Noticed a +0 falchion
  7510 | D:9      | Noticed a +0 falchion
  7511 | D:9      | Noticed a +0 short sword
  7511 | D:9      | Noticed a +0 spear
  7511 | D:9      | Noticed a +0 short sword
  7511 | D:9      | Noticed a +0 spear
  7513 | D:9      | Noticed a +0 dagger
  8214 | D:9      | Found a staircase to the Lair.
  8412 | D:9      | Found Hosail's Armour Shoppe.
  8413 | D:9      | Found a staircase to the Orcish Mines.
  8455 | D:9      | HP: 5/135 [orc warrior/+0 broad axe (8)]
  8456 | D:9      | HP: 2/90 [poisoned by an orc warrior]
  8486 | Lair:1   | Entered Level 1 of the Lair of Beasts
  8717 | Lair:1   | Found a gate leading to a gauntlet.
  8718 | Lair:1   | Noticed a five-headed hydra
  8724 | Gauntlet | Entered a Gauntlet
  8724 | Gauntlet | Found a transporter.
  8724 | Gauntlet | Found a transporter.
  8724 | Gauntlet | Noticed a soul eater
  8897 | Gauntlet | Found a transporter.
  8897 | Gauntlet | Found a transporter.
  8898 | Gauntlet | Noticed a wizard
  8900 | Gauntlet | Found a transporter.
  8906 | Gauntlet | Noticed a fire crab
  8907 | Gauntlet | Found a transporter.
  8909 | Gauntlet | Found a transporter.
  8911 | Gauntlet | Found a transporter.
  8911 | Gauntlet | Noticed a sixfirhy
  8912 | Gauntlet | Noticed a sixfirhy
  8913 | Gauntlet | Found a transporter.
  8913 | Gauntlet | Noticed a sixfirhy
  8919 | Gauntlet | Found a transporter.
  8920 | Gauntlet | Found a transporter.
  8971 | Gauntlet | Found a transporter.
  9147 | Gauntlet | Killed a soul eater
  9148 | Gauntlet | Reached XP level 11. HP: 86/97 MP: 11/11
  9398 | Gauntlet | Killed a wizard
  9414 | Gauntlet | Identified the +1 kite shield of Jyder {rCorr Slay+3}
  9436 | Gauntlet | Killed a sixfirhy
  9440 | Gauntlet | Killed a sixfirhy
  9441 | Gauntlet | Reached skill level 10 in Short Blades
  9445 | Gauntlet | Killed a sixfirhy
  9458 | Gauntlet | Identified the +2 pair of boots of the Falcon {rF- rC+
                  | Str+5 Int+2}
  9546 | Gauntlet | Noticed a minotaur
  9562 | Gauntlet | Killed a minotaur
  9821 | Lair:1   | Killed a five-headed hydra
 10134 | Lair:1   | Reached skill level 10 in Fighting
 10196 | Lair:1   | Reached skill level 1 in Shields
 10787 | Lair:2   | Reached XP level 12. HP: 107/107 MP: 12/12
 10802 | Lair:2   | Noticed Gastronok
 10804 | Lair:2   | Reached ***** piety under Trog
 10936 | Lair:2   | Killed Gastronok
 10937 | Lair:2   | Reached skill level 10 in Dodging
 11157 | Lair:2   | Noticed Fannar
 11178 | Lair:2   | Killed Fannar
 11636 | Lair:2   | Noticed a four-headed hydra
 11649 | Lair:2   | Killed a four-headed hydra
 12183 | Lair:3   | Noticed a six-headed hydra
 12216 | Lair:4   | Found a frozen archway.
 12230 | IceCv    | Entered an ice cave
 12242 | IceCv    | Reached skill level 5 in Shields
 12956 | IceCv    | Noticed an ice dragon
 12956 | IceCv    | Noticed an ice dragon
 12969 | IceCv    | Killed an ice dragon
 12972 | IceCv    | Killed an ice dragon
 13523 | Lair:4   | Reached XP level 13. HP: 96/116 MP: 13/13
 14040 | Lair:4   | Identified the ring "Xyig" {Dex+4 SInv}
 15074 | Lair:5   | Found a staircase to the Slime Pits.
 15912 | Lair:5   | Identified the +11 flail of Theory {vorpal, +Rage rC-
                  | rCorr}
 15939 | Lair:6   | Entered Level 6 of the Lair of Beasts
 16963 | Lair:6   | Reached XP level 14. HP: 106/126 MP: 14/14
 17645 | Lair:6   | Reached skill level 10 in Shields
 17840 | Lair:6   | Found a runed translucent door.
 17883 | Lair:6   | Paralysed by a hornet for 2 turns
 18745 | Lair:6   | Identified the +2 robe of Stoicism {-Tele rN+++ Will-
                  | Str+8}
 19383 | Lair:3   | Found a hole to the Spider Nest.
 19545 | Lair:3   | Reached skill level 5 in Stealth
 19876 | Lair:3   | Found a staircase to the Swamp.
 19988 | Lair:3   | Found a runed translucent gate.
 19989 | Lair:3   | Found a runed translucent gate.
 19989 | Lair:3   | Found a runed translucent gate.
 19990 | Lair:3   | Noticed Jempith's ghost (journeyman MiFi)
 19990 | Lair:3   | Noticed Kustesche's ghost (journeyman NaTm)
 20597 | Lair:3   | Killed Kustesche's ghost
 20610 | Lair:3   | Killed Jempith's ghost
 21083 | D:9      | Found an iron altar of Okawaru.
 21162 | D:9      | Found Ahexti's Weapon Shoppe.
 21168 | D:9      | Bought the +5 tower shield of Gozag's Regard {-Cast
                  | *Corrode Str+4 Dex+7} for 611 gold pieces
 21405 | D:9      | Found a hide-covered altar of Uskayaw.
 21441 | D:10     | Entered Level 10 of the Dungeon
 21463 | D:10     | Found a stormy altar of Qazlal.
 21831 | Orc:1    | Entered Level 1 of the Orcish Mines
 21911 | Orc:2    | Entered Level 2 of the Orcish Mines
 22040 | Orc:2    | Found a staircase to the Elven Halls.
 22045 | Orc:2    | Found Yqeklus's General Store.
 22060 | Orc:2    | Bought a potion of lignification for 42 gold pieces
 22060 | Orc:2    | Bought a scroll of magic mapping for 49 gold pieces
 22060 | Orc:2    | Bought a scroll of identify for 28 gold pieces
 22161 | Orc:2    | Noticed Nessos
 22185 | Orc:2    | Killed Nessos
 22219 | Orc:2    | Found Isiotigang's Book Emporium.
 22594 | Orc:2    | Reached XP level 15. HP: 72/134 MP: 15/15
 23037 | Orc:2    | Found Buack's Magic Scroll Shop.
 23041 | Orc:2    | Found Bouremp's Magic Scroll Boutique.
 23041 | Orc:2    | Found Foipnoas's Armour Boutique.
 23096 | Orc:2    | Bought a scroll of teleportation for 33 gold pieces
 23096 | Orc:2    | Bought a scroll of teleportation for 33 gold pieces
 23096 | Orc:2    | Bought 3 scrolls of holy word for 247 gold pieces
 23096 | Orc:2    | Bought a scroll of teleportation for 33 gold pieces
 23096 | Orc:2    | Bought a scroll of blinking for 82 gold pieces
 23096 | Orc:2    | Bought a scroll of identify for 22 gold pieces
 23096 | Orc:2    | Bought a scroll of teleportation for 33 gold pieces
 23118 | Orc:2    | Received a gift from Trog
 23152 | Orc:2    | Bought a scroll of identify for 30 gold pieces
 23152 | Orc:2    | Bought a scroll of fog for 30 gold pieces
 23152 | Orc:2    | Bought 2 scrolls of identify for 60 gold pieces
 23152 | Orc:2    | Bought a scroll of silence for 112 gold pieces
 23152 | Orc:2    | Bought a scroll of identify for 30 gold pieces
 23424 | Orc:1    | Noticed Nergalle
 23469 | Orc:1    | Killed Nergalle
 24325 | D:11     | Killed from afar by a fire dragon (glowing shapeshifter)

Illustrated notes

Levels and vault maps discovered:
D:1:      shiori_shiawase, layout_loops_ring
D:2:      kennysheep_the_goblin_king, layout_basic, basic_ecumenical_altar,
          serial_undead, serial_undead_d, serial_undead_e, serial_undead_c,
          serial_undead_d, serial_undead_d, serial_undead_c, serial_undead_a
D:3:      layout_rooms, uniq_terence, uniq_crazy_yiuf_cottage, uniq_purgy
D:4:      layout_cave_pods, chequers_serial_rivers_small_b,
          kennysheep_generic_room_3, uniq_menkaure
D:5:      layout_basic, marbit_many_paths, hangedman_decor_opposing, uniq_ijyb
D:6:      layout_gridville, kennysheep_mini, general_overflow_altar,
          temple_doors_cd, uniq_grinder
D:7:      layout_loops_cross, nicolae_overflow_quartered_altars, uniq_harold
D:8:      layout_rooms, nicolae_gozag_seed_capital, serial_shops, shop_statue,
          uniq_psyche
D:9:      layout_basic, nicolae_overflow_crystal_walls,
          nicolae_uskayaw_en_pointe, erik_lair_orcish_takeover, orc_david_3
D:10:     layout_long_grid, enter_trove_6, hex_medium, hangedman_feature_mirror
D:11:     nzn_winding_woodlands_medium [nzn_winding_woodlands_5x5_three,
          nzn_winding_woodlands_5x15_eye, nzn_winding_woodlands_5x5_cross,
          nzn_winding_woodlands_hourglass,
          nzn_winding_woodlands_center_triple_pond,
          nzn_winding_woodlands_5x5_closed_star,
          nzn_winding_woodlands_5x5_default, nzn_winding_woodlands_5x15_pockets,
          nzn_winding_woodlands_5x5_open_star], layout_basic
Lair:1:   layout_chaotic_city, gauntlet_entry_generic
Lair:2:   layout_cave_shapes, grunt_megastairs_2, lemuel_fruit_tree,
          uniq_fannar, uniq_gastronok
Lair:3:   lemuel_reptile_caves, layout_small_grid,
          nicolae_swamp_entry_splash_gauntlet, spider_nest_entry_webs,
          gammafunk_ghost_cemetery
Lair:4:   layout_cave_pods, portal_ice_cave_rime
Lair:5:   layout_roguey, dpeg_slime_entry_corner, fungi_pond_lemuel,
          st_stairs_10
Lair:6:   wormcave, layout_regular_city, hangedman_lair_tendril_chambers,
          bobbens_ice_dragon_lair, minmay_lair_oklob_chamber
Orc:1:    layout_caves, uniq_nergalle
Orc:2:    st_orc_open, layout_diamond_mine, serial_shops, shop, basic_altar,
          uniq_nessos

Skill      XL: |  1  2  3  4  5  6  7  8  9 10 11 12 13 14 15 |
---------------+----------------------------------------------+-----
Dodging        | 3 4 5 7 8 9 10 11 12 13 | 13.1
Long Blades    | 4 5 6 7 |  7.8
Fighting       | 4 5 6 7 9 10 11 12 13 | 13.0
Stealth        | 1 2 3 4 5 |  5.5
Short Blades   | 4 7 9 11 12 13 | 13.2
Shields        | 2 5 9 12 | 12.6

Action                   |  1- 3 |  4- 6 |  7- 9 | 10-12 | 13-15 || total
-------------------------+-------+-------+-------+-------+-------++-------
Melee: Falchion          |   102 |    47 |    51 |       |       ||   200
       Tailslap          |    12 |     9 |    44 |   126 |   383 ||   574
       Short sword       |       |       |   257 |   700 |  1473 ||  2430
Invok: Berserk           |     2 |     5 |     8 |    21 |    27 ||    63
       Trog's Hand       |       |       |       |     4 |     6 ||    10
       Brothers in Arms  |       |       |       |     3 |     7 ||    10
 Abil: Breathe Steam     |       |       |     7 |    27 |    26 ||    60
Evoke: Wand              |       |       |       |       |     2 ||     2
  Use: Scroll            |       |     3 |     4 |     8 |    14 ||    29
       Potion            |       |     3 |       |     1 |     1 ||     5
 Stab: Sleeping          |     1 |       |     1 |       |     5 ||     7
       Distracted        |       |       |       |       |     4 ||     4
Armor: Skin              |    43 |    26 |   102 |   169 |   181 ||   521
Dodge: Dodged            |    88 |    39 |   177 |   339 |   498 ||  1141
Block: Kite shield       |       |       |       |   172 |   598 ||   770
       Tower shield      |       |       |       |       |   797 ||   797
       Reflection        |       |       |       |       |    21 ||    21
       Rpst.: Falchion   |    17 |    13 |     9 |       |       ||    39

Table legend: (Time is in decaauts)
 A = Elapsed time spent in this place.
 B = Non-inter-level travel time spent in this place.
 C = Inter-level travel time spent in this place.
 D = Time resting spent in this place.
 E = Time spent auto-exploring this place.
 F = Levels seen in this place.
 G = Mean time per level.
                   A        B        C        D        E       F      G
               +--------+--------+--------+--------+--------+-----+--------+
         Total |  24155 |  23117 |   1038 |   3480 |  14849 |  21 | 1150.2 |
       Dungeon |   9553 |   9105 |    448 |    905 |   6589 |  11 |  868.5 |
          Lair |  10240 |   9805 |    435 |   1715 |   6023 |   6 | 1706.7 |
  Orcish Mines |   2179 |   2024 |    155 |    374 |   1083 |   2 | 1089.5 |
      Ice Cave |   1081 |   1081 |      0 |    190 |    566 |   1 | 1081.0 |
      Gauntlet |   1101 |   1101 |      0 |    295 |    586 |   1 | 1101.0 |
               +--------+--------+--------+--------+--------+-----+--------+

Top non-repeatable levels by time:
  Lair:6: 3254 daAuts
  Lair:3: 1690 daAuts
     D:9: 1674 daAuts
   Orc:2: 1530 daAuts
  Lair:1: 1475 daAuts
  Lair:4: 1409 daAuts
  Lair:5: 1339 daAuts
     D:8: 1227 daAuts
     D:6: 1187 daAuts
Gauntlet: 1101 daAuts
   IceCv: 1081 daAuts
  Lair:2: 1070 daAuts
     D:5: 1058 daAuts
     D:7: 947 daAuts
     D:3: 900 daAuts
